 Dungeon Crawl Stone Soup version 0.29.0-4-gdea44cf6ec (webtiles) character file.

Game seed: 15517131120927772293

80970 qw the Brawler (level 15, -3/146 HPs)
             Began as a Troll Cinder Acolyte on Sept 1, 2022.
             Was a High Priest of Okawaru.
             Slain by an orc knight
             ... wielding a +1 dire flail of venom
              (30 damage)
             ... on level 1 of the Orcish Mines.
             The game lasted 00:11:34 (19533 turns).

qw the Brawler (Troll Cinder Acolyte)              Turns: 19533, Time: 00:11:34

Health: -3/146     AC: 14    Str: 39    XL:     15   Next: 25%
Magic:  18/21      EV: 11    Int:  9    God:    Okawaru [*****.]
Gold:   1518       SH: 21    Dex:  4    Spells: 16/16 levels left

rFire   . . .      SeeInvis +     - Unarmed
rCold   . . .      Faith    .   A - +2 tower shield
rNeg    . . .      Spirit   .   t - +1 swamp dragon scales
rPois   +          Reflect  +   z - +2 hat of Irenloam {Str+3}
rElec   .          Harm     .   q - scarf {repulsion}
rCorr   .          Rampage  .   (gloves unavailable)
Will    +....                   (boots unavailable)
Stlth   ++........              c - amulet of reflection
HPRegen 1.14/turn               l - ring of see invisible
MPRegen 0.17/turn               v - +4 ring of evasion

@: about to teleport, heroic, finesse-ful, repel missiles
A: large, unfitting armour, claws 3, regeneration 1, shaggy fur 1, tough skin 1,
horns 1, strong 1, wild magic 1
a: Renounce Religion, Heroism, Finesse, Duel


You were on level 1 of the Orcish Mines.
You worshipped Okawaru.
Okawaru was extremely pleased with you.
You visited 3 branches of the dungeon, and saw 21 of its levels.
You visited the Abyss 1 time.
You also visited: Sewer and Ossuary.

You collected 1699 gold pieces.
You spent 181 gold pieces at shops.


Innate Abilities, Weirdness & Mutations

You are too large for most types of armour.
You have claws for hands.
Your natural rate of healing is unusually fast.
You are covered in fur. (AC +1)
You have tough skin. (AC +1)
You have a pair of small horns on your head.
Your muscles are strong. (Str +4, Int/Dex -1)
Your spells are a little harder to cast, but a little more powerful.


   Skills:
 - Level 9.0(14.0) Fighting
 - Level 8.0(13.0) Throwing
 - Level 4.0(9.0) Armour
 - Level 1.0(6.0) Dodging
 + Level 6.1(11.1) Shields
 - Level 19.8(24.8) Unarmed Combat
 - Level 1.0 Spellcasting
 - Level 2.1 Fire Magic
 - Level 10.0 Invocations


You had 16 spell levels left.
You didn't know any spells.
Your spell library contained the following spells:

 Spells                   Type           Power      Damage    Failure   Level
 Scorch                   Fire           10%        2d6       78%         2

Inventory:

Missiles
 k - 22 boomerangs
 w - 12 large rocks (quivered)
 y - 7 javelins
 C - 10 silver javelins
Armour
 f - a +0 cloak
 q - a scarf of repulsion (worn)
 t - +1 swamp dragon scales (worn)
 z - the +2 hat of Irenloam (worn) {Str+3}
   (Okawaru gifted it to you on level 5 of the Lair of Beasts)

   Str:       It affects your strength (+3).
 A - a +2 tower shield (worn)
Jewellery
 c - an amulet of reflection (around neck)
 d - a ring of ice
 g - a ring of fire
 h - a ring of resist corrosion
 l - a ring of see invisible (left claw)
 m - a ring of positive energy
 n - a ring of fire
 v - a +4 ring of evasion (right claw)
Scrolls
 b - 12 scrolls of identify
 j - a scroll of teleportation
 r - 4 scrolls of enchant weapon
 x - a scroll of brand weapon
Potions
 a - 3 potions of magic
 e - 6 potions of mutation
 i - 6 potions of haste
 o - 5 potions of cancellation
 p - 5 potions of might
 s - 7 potions of curing
 u - 2 potions of resistance
 B - a potion of heal wounds

Dungeon Overview and Level Annotations

Branches:
Dungeon (15/15)            Temple (0/1) D:7            Lair (5/5) D:10
 Shoals (0/4) Lair:3       Spider (0/4) Lair:2        Slime (0/5) Lair:4
    Orc (1/2) D:10         Vaults (0/5) D:14         Depths (0/4) D:15
  Sewer (visited)         Ossuary (visited)

Altars:
Gozag
Hepliaklqana
Okawaru
Trog
Jiyva

Shops:
D:5 *


Message History

The orc knight roars a battlecry!
The orc warrior goes into a battle-frenzy!
You scratch the orc warlord.
The orc warlord is lightly wounded.
You claw the orc warlord! You headbutt the orc warlord.
The orc warlord is lightly wounded.
You block the orc priest's attack. You block the orc's attack.
You eviscerate the orc warlord!!!
The orc warlord is severely wounded.
The orc warlord no longer looks unusually strong.
You eviscerate the orc warlord!!!
You kill the orc warlord!
Okawaru accepts your kill.
Your base Shields skill increases to level 6!
You eviscerate the orc priest!!!
You kill the orc priest!
Okawaru accepts your kill.
The orc priest calls down the wrath of Beogh upon you.
Beogh smites you!
You mangle the orc priest!!
You kill the orc priest!
Okawaru accepts your kill.
You eviscerate the orc!!!
You kill the orc!
You scratch the orc. You headbutt the orc, but do no damage.
The orc is almost dead.
The orc warrior hits you from afar with a +0 glaive!
19533 ||| READING 2 scrolls of teleportation.
As you read the scroll of teleportation, it crumbles to dust.
You feel strangely unstable.
The orc no longer looks unusually strong.
The orc wizard points at you and mumbles some strange words.
The puff of flame hits you! You block the orc warrior's attack.
The orc wizard gestures at you while chanting.
The puff of flame reflects off an invisible shield around you!
The puff of flame hits the orc wizard!
You kill the orc wizard!
Okawaru accepts your kill.
The orc knight hits you with a +1 dire flail of venom!!
You die...

$........
...$.....#
.....$...#
##...........
#.>...........
.......##...$.
#oo...##......
#@oo..#...........
##oooo........>...
#.oooo............
#.ooo.............
#.oo#oo.....#.....
#.o..$....o.......
#..........o......
#...........<......
#...........#$.....


You could see an orc knight (strong), 4 orc warriors, 2 orc priests, 2 orc
wizards and 11 orcs.

Vanquished Creatures
  Rupert (D:15)
  Jorgrun (D:12)
  Kirke (D:13)
  An orc warlord (Orc:1)
  Nessos (D:12)
  Azrael (D:12)
  A fire dragon (D:15)
  4 boulder beetles
  A vault guard (D:14)
  2 catoblepae
  A merfolk avatar (Lair:5)
  3 hydras
  3 two-headed ogres
  2 centaur warriors
  8 death yaks
  A tengu warrior (D:13)
  A vampire mage (D:15)
  Urug (D:12)
  Amaemon (Lair:2)
  2 sea snakes (Lair:5)
  A skeletal warrior (D:15)
  A spatial maelstrom (Abyss:2)
  A spark wasp zombie (D:15)
  A wizard (D:15)
  A necromancer (D:15)
  A lindwurm (Lair:5)
  Pikel (D:7)
  3 orc knights
  8 manticores
  A stone giant zombie (D:15)
  11 ugly things
  A deep elf pyromancer (D:12)
  3 cyclopes
  A fire giant skeleton (D:15)
  A worldbinder (Abyss:2)
  8 elephants
  3 black mambas
  2 unseen horrors (D:11)
  10 cane toads
  A guardian serpent (shapeshifter) (Abyss:2)
  2 gargoyles
  Psyche (D:8)
  Maggie (Lair:2)
  An orange demon (Lair:2)
  2 tengu conjurers (D:15)
  11 komodo dragons
  13 rime drakes
  A guardian mummy (D:15)
  4 trolls
  4 polar bears (Lair:5)
  4 wind drakes
  A meliai (Lair:2)
  2 hornets
  4 slime creatures (D:12)
  Grinder (D:5)
  10 blink frogs
  2 small abominations (Abyss:2)
  Sigmund (D:2)
  2 shadows
  A spriggan skeleton (D:15)
  12 humans
  44 yaks
  7 wyverns
  5 wraiths
  20 fire elementals
  3 hogs (D:13)
  A vampire (D:13)
  A hog (shapeshifter) (D:14)
  A vampire mosquito (D:12)
  A chaos spawn (Abyss:2)
  3 basilisks
  2 wargs
  4 acid dragons
  Edmund (D:5)
  13 water moccasins
  Duvessa (D:5)
  5 hell hounds (D:12)
  9 orc warriors
  2 ice beasts (D:5)
  4 sky beasts
  4 black bears
  5 ogres
  4 wolves (Lair:1)
  4 centaurs
  A lemure (D:7)
  6 bullfrogs
  A gnoll sergeant (D:10)
  4 kobold brigands
  2 scorpions (D:5)
  2 water moccasin zombies (Ossuary)
  Dowan (D:5)
  8 killer bees
  5 howler monkeys
  A quasit (Abyss:2)
  5 hounds
  2 gnoll boudas
  3 jellies
  12 orc priests
  Terence (D:3)
  2 iguanas (D:5)
  Ijyb (D:3)
  22 orc wizards
  2 mummies (Ossuary)
  20 gnolls
  10 adders
  2 white imps
  7 adder zombies (Ossuary)
  4 worms
  A dart slug (D:3)
  57 orcs
  17 ball pythons
  13 endoplasms
  3 giant cockroaches
  A gnoll zombie (Ossuary)
  11 goblins
  6 hobgoblins
  26 kobolds
  2 quokkas
  4 bats
  6 frilled lizards
  4 hobgoblin zombies (Ossuary)
  7 kobold zombies (Ossuary)
  10 orc zombies (Ossuary)
  9 rats
622 creatures vanquished.

Vanquished Creatures (others)
  An orc (D:8)
  A kobold (D:8)
  28 fungi
  A lurking horror (Abyss:2)
  56 plants
  5 withered plants (D:15)
92 creatures vanquished.

Grand Total: 714 creatures vanquished

Notes
Turn   | Place    | Note
-------+----------+-------------------------------------------
     0 | D:1      | qw the Troll Cinder Acolyte began the quest for the Orb.
     0 | D:1      | Reached XP level 1. HP: 22/22 MP: 1/1
     0 | D:1      | 0 ||| qw: Version: 0.1-a-97-g2dd2ca4
     0 | D:1      | 0 ||| qw: Game counter: 4733
     0 | D:1      | 0 ||| qw: Always use a shield: true
     0 | D:1      | 0 ||| qw: God list: Okawaru
     0 | D:1      | 0 ||| qw: Allow faded altars: false
     0 | D:1      | 0 ||| qw: Do Orc after D:15 true
     0 | D:1      | 0 ||| qw: Do second Lair branch before Depths: true
     0 | D:1      | 0 ||| qw: Lair rune preference: random
     0 | D:1      | 0 ||| qw: Plans: Normal
     0 | D:1      | 0 ||| PLANNING D:1-11
    59 | D:1      | 59 ||| Stepping ~*~*~tactically~*~*~ (stealth).
   193 | D:1      | Reached XP level 2. HP: 29/29 MP: 2/2
   198 | D:1      | 198 ||| Stepping ~*~*~tactically~*~*~ (outnumbered).
   199 | D:1      | 199 ||| Stepping ~*~*~tactically~*~*~ (outnumbered).
   385 | D:1      | Found a faded altar of an unknown god.
   438 | D:1      | 438 ||| UPGRADING to amulet of reflection.
   443 | D:1      | 443 ||| READING 2 scrolls labelled XAS TOOTAXIDA.
   444 | D:1      | 444 ||| READING scroll labelled EDOLAPODGHE.
   445 | D:1      | 445 ||| DRINKING 2 fuming sapphire potions.
   550 | D:1      | 550 ||| DROPPING scroll of magic mapping.
   551 | D:1      | 551 ||| DROPPING potion of berserk rage.
   583 | D:2      | Reached skill level 4 in Unarmed Combat
   584 | D:2      | 584 ||| STAIRDANCE
   598 | D:2      | 598 ||| Stepping ~*~*~tactically~*~*~ (stealth).
   639 | D:2      | 639 ||| Stepping ~*~*~tactically~*~*~ (stealth).
   647 | D:2      | Reached XP level 3. HP: 36/36 MP: 3/3
   696 | D:2      | 696 ||| Stepping ~*~*~tactically~*~*~ (stealth).
   697 | D:2      | 697 ||| Stepping ~*~*~tactically~*~*~ (stealth).
   698 | D:2      | 698 ||| Stepping ~*~*~tactically~*~*~ (stealth).
   763 | D:2      | Noticed Sigmund
   764 | D:2      | 764 ||| Stepping ~*~*~tactically~*~*~ (hiding).
   772 | D:2      | Killed Sigmund
   773 | D:2      | Reached skill level 6 in Unarmed Combat
   773 | D:2      | Reached XP level 4. HP: 44/44 MP: 4/4
   773 | D:2      | Reached XP level 5. HP: 50/50 MP: 5/5
  1132 | D:2      | 1132 ||| UPGRADING to ring of resist corrosion.
  1133 | D:2      | 1133 ||| READING scroll labelled MYH YHO JUG TOL.
  1134 | D:2      | 1134 ||| READING 2 scrolls labelled CAXZEU HUIPID.
  1137 | D:2      | 1137 ||| READING scroll labelled ZIR PARROERGHU.
  1138 | D:2      | 1138 ||| READING scroll labelled HUAR OBRIR.
  1139 | D:2      | 1139 ||| DRINKING 2 metallic ruby potions.
  1180 | D:2      | 1180 ||| DRINKING 2 yellow potions.
  1181 | D:2      | 1181 ||| DROPPING potion of lignification.
  1376 | D:3      | Noticed Ijyb
  1385 | D:3      | Killed Ijyb
  1496 | D:3      | Noticed Terence
  1502 | D:3      | Killed Terence
  1503 | D:3      | Reached XP level 6. HP: 51/59 MP: 6/6
  1569 | D:3      | 1569 ||| INVOKING Fiery Armour.
  1572 | D:3      | 1572 ||| Stepping ~*~*~tactically~*~*~ (outnumbered).
  1573 | D:3      | 1573 ||| Stepping ~*~*~tactically~*~*~ (outnumbered).
  1574 | D:3      | 1574 ||| Stepping ~*~*~tactically~*~*~ (outnumbered).
  1575 | D:3      | 1575 ||| Stepping ~*~*~tactically~*~*~ (outnumbered).
  1576 | D:3      | 1576 ||| Stepping ~*~*~tactically~*~*~ (outnumbered).
  1577 | D:3      | 1577 ||| Stepping ~*~*~tactically~*~*~ (outnumbered).
  1578 | D:3      | 1578 ||| Stepping ~*~*~tactically~*~*~ (outnumbered).
  1595 | D:3      | 1595 ||| Stepping ~*~*~tactically~*~*~ (stealth).
  1600 | D:3      | Reached skill level 7 in Unarmed Combat
  1606 | D:3      | 1606 ||| Stepping ~*~*~tactically~*~*~ (stealth).
  1608 | D:3      | 1608 ||| Stepping ~*~*~tactically~*~*~ (stealth).
  1743 | D:3      | 1743 ||| READING scroll labelled OMPUOW OLINULL.
  1744 | D:3      | 1744 ||| READING scroll labelled TONOAF LURIDWA.
  1745 | D:3      | 1745 ||| DRINKING 2 fizzy pink potions.
  1757 | D:4      | 1757 ||| PLANNING OSSUARY
  1812 | D:4      | Found a sand-covered staircase.
  1821 | Ossuary  | Entered an ossuary
  1826 | Ossuary  | Reached skill level 1 in Throwing
  1833 | Ossuary  | 1833 ||| INVOKING Fiery Armour.
  1895 | Ossuary  | Reached XP level 7. HP: 66/66 MP: 7/7
  1990 | Ossuary  | 1990 ||| READING scroll labelled RAUSOF TOMAS.
  1991 | Ossuary  | 1991 ||| DRINKING 2 fuming silvery potions.
  1991 | Ossuary  | Gained mutation: You occasionally lose the ability to read
                  | scrolls when taking damage. [potion of mutation]
  1992 | Ossuary  | 1992 ||| DRINKING potion of mutation.
  1992 | Ossuary  | Lost mutation: You occasionally lose the ability to read
                  | scrolls when taking damage. [potion of mutation]
  1992 | Ossuary  | Gained mutation: Your muscles are strong. (Str +4, Int/Dex
                  | -1) [potion of mutation]
  1992 | Ossuary  | Gained mutation: Your spells are a little harder to cast,
                  | but a little more powerful. [potion of mutation]
  1992 | Ossuary  | Gained mutation: You have a pair of small horns on your
                  | head. [potion of mutation]
  1993 | Ossuary  | 1993 ||| DRINKING 2 fuming yellow potions.
  1994 | Ossuary  | 1994 ||| DRINKING 2 sedimented silvery potions.
  1995 | Ossuary  | 1995 ||| READING 3 scrolls of identify.
  1995 | Ossuary  | 1995 ||| IDENTIFYING coppery potion
  1996 | Ossuary  | 1996 ||| READING 2 scrolls of identify.
  1996 | Ossuary  | 1996 ||| IDENTIFYING sapphire potion
  1997 | Ossuary  | 1997 ||| DROPPING potion of brilliance.
  1998 | Ossuary  | 1998 ||| DROPPING potion of degeneration.
  2004 | D:4      | 2004 ||| PLANNING D:1-11
  2041 | D:4      | 2041 ||| Stepping ~*~*~tactically~*~*~ (hiding).
  2061 | D:4      | You fall into a shaft and drop 3 floors!
  2101 | D:6      | 2101 ||| DRINKING 4 potions of curing.
  2101 | D:6      | 2101 ||| (to cure confusion)
  2107 | D:6      | 2107 ||| DRINKING 3 potions of curing.
  2107 | D:6      | 2107 ||| (to cure confusion)
  2109 | D:6      | 2109 ||| DRINKING 2 potions of curing.
  2109 | D:6      | 2109 ||| (to cure confusion)
  2114 | D:6      | 2114 ||| Stepping ~*~*~tactically~*~*~ (outnumbered).
  2118 | D:6      | Reached skill level 8 in Unarmed Combat
  2153 | D:6      | 2153 ||| INVOKING Fiery Armour.
  2158 | D:6      | 2158 ||| Stepping ~*~*~tactically~*~*~ (outnumbered).
  2159 | D:6      | 2159 ||| Stepping ~*~*~tactically~*~*~ (outnumbered).
  2160 | D:6      | 2160 ||| Stepping ~*~*~tactically~*~*~ (outnumbered).
  2161 | D:6      | 2161 ||| Stepping ~*~*~tactically~*~*~ (outnumbered).
  2164 | D:6      | 2164 ||| Stepping ~*~*~tactically~*~*~ (outnumbered).
  2165 | D:6      | 2165 ||| Stepping ~*~*~tactically~*~*~ (outnumbered).
  2166 | D:6      | 2166 ||| Stepping ~*~*~tactically~*~*~ (outnumbered).
  2167 | D:6      | 2167 ||| Stepping ~*~*~tactically~*~*~ (outnumbered).
  2170 | D:6      | Reached skill level 3 in Fighting
  2198 | D:5      | Entered Level 5 of the Dungeon
  2199 | D:5      | 2199 ||| PLANNING SEWER
  2271 | D:5      | 2271 ||| Stepping ~*~*~tactically~*~*~ (stealth).
  2313 | D:5      | Found a bloodstained altar of Trog.
  2383 | D:5      | Found a glowing drain.
  2384 | D:5      | 2384 ||| UPGRADING to ring of positive energy.
  2385 | D:5      | 2385 ||| READING scroll labelled PIGHI DEPRYIXT.
  2386 | D:5      | 2386 ||| READING 2 scrolls of identify.
  2386 | D:5      | 2386 ||| IDENTIFYING fuming coppery potion
  2387 | D:5      | 2387 ||| DROPPING potion of invisibility.
  2407 | Sewer    | Entered a sewer
  2414 | Sewer    | Reached skill level 9 in Unarmed Combat
  2414 | Sewer    | Reached XP level 8. HP: 75/75 MP: 8/8
  2509 | Sewer    | 2509 ||| Stepping ~*~*~tactically~*~*~ (stealth).
  2555 | Sewer    | 2555 ||| Stepping ~*~*~tactically~*~*~ (stealth).
  2579 | Sewer    | Found a viscous altar of Jiyva.
  2745 | Sewer    | 2745 ||| READING 2 scrolls of identify.
  2745 | Sewer    | 2745 ||| IDENTIFYING brown potion
  2746 | Sewer    | 2746 ||| DROPPING potion of magic.
  2767 | D:5      | 2767 ||| PLANNING D:1-11
  3427 | D:4      | 3427 ||| READING 3 scrolls of identify.
  3427 | D:4      | 3427 ||| IDENTIFYING glowing clear potion
  3485 | D:5      | 3485 ||| DRINKING potion of curing.
  3485 | D:5      | 3485 ||| (to cure confusion)
  3563 | D:5      | Noticed Duvessa
  3565 | D:5      | Noticed Dowan
  3566 | D:5      | 3566 ||| INVOKING Fiery Armour.
  3569 | D:5      | Killed Duvessa
  3570 | D:5      | Reached skill level 10 in Unarmed Combat
  3571 | D:5      | Killed Dowan
  3601 | D:5      | 3601 ||| Stepping ~*~*~tactically~*~*~ (stealth).
  3694 | D:5      | Noticed Grinder
  3694 | D:5      | Paralysed by Grinder for 3 turns
  3697 | D:5      | 3697 ||| Stepping ~*~*~tactically~*~*~ (hiding).
  3702 | D:5      | Paralysed by Grinder for 3 turns
  3712 | D:5      | Killed Grinder
  3713 | D:5      | Reached skill level 3 in Throwing
  3754 | D:5      | Noticed Edmund
  3756 | D:5      | 3756 ||| INVOKING Fiery Armour.
  3761 | D:5      | 3761 ||| Stepping ~*~*~tactically~*~*~ (outnumbered).
  3768 | D:5      | Killed Edmund
  3786 | D:5      | Found Fekadoso's Neck Hole.
  3795 | D:5      | 3795 ||| BUYING +0 cloak (49 gold).
  3795 | D:5      | Bought a +0 cloak for 49 gold pieces
  3795 | D:5      | 3795 ||| SHOPLISTING +2 cloak of the Narrow Alphagorgon
                  | {rF+ rCorr} (375 gold, have 210).
  3795 | D:5      | 3795 ||| BUYING scarf of repulsion (132 gold).
  3795 | D:5      | Bought a scarf of repulsion for 132 gold pieces
  3795 | D:5      | 3795 ||| SHOPLISTING scarf of resistance (352 gold, have
                  | 78).
  3814 | D:5      | Identified the +2 leather armour of Vuph {rN++ Str+3
                  | Slay-4}
  3879 | D:5      | Reached XP level 9. HP: 84/84 MP: 9/9
  3999 | D:5      | 3999 ||| Stepping ~*~*~tactically~*~*~ (stealth).
  4026 | D:5      | 4026 ||| UPGRADING to +0 cloak.
  4031 | D:5      | 4031 ||| UPGRADING to scarf of repulsion.
  4069 | D:6      | Reached skill level 11 in Unarmed Combat
  4093 | D:6      | Reached skill level 1 in Dodging
  4133 | D:6      | 4133 ||| INVOKING Fiery Armour.
  4221 | D:6      | 4221 ||| Stepping ~*~*~tactically~*~*~ (outnumbered).
  4222 | D:6      | 4222 ||| Stepping ~*~*~tactically~*~*~ (outnumbered).
  4226 | D:6      | 4226 ||| Stepping ~*~*~tactically~*~*~ (outnumbered).
  4227 | D:6      | 4227 ||| Stepping ~*~*~tactically~*~*~ (outnumbered).
  4228 | D:6      | 4228 ||| Stepping ~*~*~tactically~*~*~ (hiding).
  4230 | D:6      | 4230 ||| Stepping ~*~*~tactically~*~*~ (outnumbered).
  4233 | D:6      | 4233 ||| Stepping ~*~*~tactically~*~*~ (outnumbered).
  4234 | D:6      | 4234 ||| Stepping ~*~*~tactically~*~*~ (outnumbered).
  4276 | D:6      | 4276 ||| Stepping ~*~*~tactically~*~*~ (stealth).
  4363 | D:6      | 4363 ||| Stepping ~*~*~tactically~*~*~ (stealth).
  4368 | D:6      | Reached skill level 12 in Unarmed Combat
  4758 | D:6      | 4758 ||| READING scroll labelled YTIEXT JOUSEACEL.
  4890 | D:6      | 4890 ||| READING 2 scrolls of teleportation.
  4891 | D:6      | 4891 ||| STAIRDANCE
  4929 | D:7      | 4929 ||| Stepping ~*~*~tactically~*~*~ (stealth).
  5012 | D:7      | Found a staircase to the Ecumenical Temple.
  5018 | D:7      | 5018 ||| READING scroll labelled LOQYGI HYNGAGHU.
  5019 | D:7      | 5019 ||| READING scroll of teleportation.
  5104 | D:7      | 5104 ||| Stepping randomly (stuck).
  5105 | D:7      | 5105 ||| Stepping randomly (stuck).
  5106 | D:7      | 5106 ||| Stepping randomly (stuck).
  5107 | D:7      | 5107 ||| Stepping randomly (stuck).
  5108 | D:7      | 5108 ||| Stepping randomly (stuck).
  5109 | D:7      | 5109 ||| Stepping randomly (stuck).
  5110 | D:7      | 5110 ||| Stepping randomly (stuck).
  5111 | D:7      | 5111 ||| Stepping randomly (stuck).
  5112 | D:7      | 5112 ||| Stepping randomly (stuck).
  5114 | D:7      | 5114 ||| Stepping randomly (stuck).
  5115 | D:7      | 5115 ||| Stepping randomly (stuck).
  5116 | D:7      | 5116 ||| Stepping randomly (stuck).
  5197 | D:7      | Noticed Pikel
  5203 | D:7      | 5203 ||| Stepping ~*~*~tactically~*~*~ (outnumbered).
  5215 | D:7      | Killed Pikel
  5289 | D:7      | Reached XP level 10. HP: 74/96 MP: 10/10
  5711 | D:7      | 5711 ||| READING scroll labelled SUEZXA XIDAMM.
  5831 | D:6      | 5831 ||| READING scroll of teleportation.
  5867 | D:8      | Noticed Psyche
  5868 | D:8      | 5868 ||| STAIRDANCE
  5873 | D:8      | 5873 ||| Stepping ~*~*~tactically~*~*~ (outnumbered).
  5876 | D:8      | 5876 ||| Stepping ~*~*~tactically~*~*~ (outnumbered).
  5877 | D:8      | 5877 ||| Stepping ~*~*~tactically~*~*~ (outnumbered).
  5879 | Abyss:2  | Cast into level 2 of the Abyss (Psyche)
  5941 | Abyss:2  | Noticed a guardian serpent
  5942 | Abyss:2  | 5942 ||| Stepping ~*~*~tactically~*~*~ (stealth).
  5944 | Abyss:2  | 5944 ||| Stepping ~*~*~tactically~*~*~ (hiding).
  5946 | Abyss:2  | 5946 ||| Stepping ~*~*~tactically~*~*~ (hiding).
  5949 | Abyss:2  | 5949 ||| Stepping ~*~*~tactically~*~*~ (hiding).
  5950 | Abyss:2  | 5950 ||| Stepping ~*~*~tactically~*~*~ (hiding).
  5956 | Abyss:2  | 5956 ||| INVOKING Fiery Armour.
  5957 | Abyss:2  | Killed a guardian serpent
  5958 | Abyss:2  | Reached skill level 13 in Unarmed Combat
  5960 | Abyss:2  | Noticed a worldbinder
  5963 | Abyss:2  | Killed a worldbinder
  6025 | Abyss:2  | Noticed a flayed ghost
  6026 | Abyss:2  | 6026 ||| Stepping ~*~*~tactically~*~*~ (stealth).
  6030 | Abyss:2  | 6030 ||| Stepping ~*~*~tactically~*~*~ (hiding).
  6032 | Abyss:2  | 6032 ||| Stepping ~*~*~tactically~*~*~ (stealth).
  6094 | Abyss:2  | 6094 ||| Stepping ~*~*~tactically~*~*~ (stealth).
  6095 | Abyss:2  | 6095 ||| Stepping ~*~*~tactically~*~*~ (stealth).
  6096 | Abyss:2  | 6096 ||| Stepping ~*~*~tactically~*~*~ (stealth).
  6126 | Abyss:2  | 6126 ||| Stepping ~*~*~tactically~*~*~ (stealth).
  6127 | Abyss:2  | 6127 ||| Stepping ~*~*~tactically~*~*~ (stealth).
  6129 | Abyss:2  | 6129 ||| Stepping ~*~*~tactically~*~*~ (stealth).
  6130 | Abyss:2  | 6130 ||| Stepping ~*~*~tactically~*~*~ (stealth).
  6131 | Abyss:2  | 6131 ||| Stepping ~*~*~tactically~*~*~ (stealth).
  6137 | Abyss:2  | 6137 ||| INVOKING Fiery Armour.
  6164 | Abyss:2  | Noticed a spatial maelstrom
  6166 | Abyss:2  | Killed a spatial maelstrom
  6167 | Abyss:2  | Reached skill level 14 in Unarmed Combat
  6170 | D:8      | Escaped the Abyss
  6172 | D:8      | HP: 18/96 [Psyche/+2 dagger of distortion (18)]
  6173 | D:8      | 6173 ||| DRINKING potion of heal wounds.
  6174 | D:8      | Killed Psyche
  6178 | D:8      | HP: 17/98 [orc warrior/bolt (18)]
  6182 | D:8      | Reached skill level 6 in Fighting
  6182 | D:8      | 6182 ||| FLEEEEING.
  6183 | D:8      | 6183 ||| STAIRDANCE
  6264 | D:8      | 6264 ||| STAIRDANCE
  6275 | D:8      | 6275 ||| STAIRDANCE
  6515 | D:8      | 6515 ||| INVOKING Fiery Armour.
  6620 | D:8      | 6620 ||| Stepping ~*~*~tactically~*~*~ (stealth).
  6623 | D:8      | 6623 ||| Stepping ~*~*~tactically~*~*~ (stealth).
  6632 | D:8      | 6632 ||| Stepping ~*~*~tactically~*~*~ (stealth).
  6636 | D:8      | 6636 ||| Stepping ~*~*~tactically~*~*~ (stealth).
  6639 | D:8      | 6639 ||| Stepping ~*~*~tactically~*~*~ (stealth).
  6656 | D:8      | 6656 ||| Stepping ~*~*~tactically~*~*~ (stealth).
  6681 | D:8      | 6681 ||| Stepping ~*~*~tactically~*~*~ (stealth).
  7214 | D:8      | 7214 ||| UPGRADING to +0 acid dragon scales.
  7224 | D:8      | 7224 ||| REMOVING ring of resist corrosion.
  7225 | D:8      | 7225 ||| DROPPING +0 robe.
  7226 | D:8      | 7226 ||| UPGRADING to ring of see invisible.
  7248 | D:9      | 7248 ||| STAIRDANCE
  7322 | D:9      | Noticed a two-headed ogre
  7330 | D:9      | 7330 ||| INVOKING Fiery Armour.
  7331 | D:9      | Killed a two-headed ogre
  7402 | D:9      | Noticed a two-headed ogre
  7408 | D:9      | Killed a two-headed ogre
  7409 | D:9      | Reached XP level 11. HP: 98/105 MP: 11/11
  7621 | D:9      | Found an opulent altar of Gozag.
  7621 | D:9      | Found a hazy altar of Hepliaklqana.
  7664 | D:9      | Paralysed by a hornet for 2 turns
  7994 | D:10     | Entered Level 10 of the Dungeon
  8007 | D:10     | Found a staircase to the Lair.
  8041 | D:10     | 8041 ||| Stepping ~*~*~tactically~*~*~ (hiding).
  8052 | D:10     | 8052 ||| Stepping ~*~*~tactically~*~*~ (hiding).
  8147 | D:10     | 8147 ||| Stepping ~*~*~tactically~*~*~ (stealth).
  8318 | D:10     | Found an iron altar of Okawaru.
  8390 | D:10     | 8390 ||| Stepping ~*~*~tactically~*~*~ (hiding).
  8530 | D:10     | 8530 ||| Stepping ~*~*~tactically~*~*~ (hiding).
  8531 | D:10     | 8531 ||| Stepping ~*~*~tactically~*~*~ (hiding).
  8539 | D:10     | 8539 ||| Stepping ~*~*~tactically~*~*~ (hiding).
  8608 | D:10     | Found a staircase to the Orcish Mines.
  8718 | D:10     | 8718 ||| Stepping ~*~*~tactically~*~*~ (hiding).
  8723 | D:10     | Reached skill level 15 in Unarmed Combat
  8938 | D:10     | 8938 ||| PLANNING LAIR
  8963 | Lair:1   | Entered Level 1 of the Lair of Beasts
  8964 | Lair:1   | 8964 ||| PLANNING GAUNTLET
  8977 | Lair:1   | 8977 ||| Stepping ~*~*~tactically~*~*~ (stealth).
  8981 | Lair:1   | 8981 ||| Stepping ~*~*~tactically~*~*~ (outnumbered).
  8982 | Lair:1   | 8982 ||| INVOKING Fiery Armour.
  8983 | Lair:1   | 8983 ||| Stepping ~*~*~tactically~*~*~ (outnumbered).
  8984 | Lair:1   | 8984 ||| Stepping ~*~*~tactically~*~*~ (outnumbered).
  8985 | Lair:1   | 8985 ||| Stepping ~*~*~tactically~*~*~ (outnumbered).
  8986 | Lair:1   | 8986 ||| Stepping ~*~*~tactically~*~*~ (outnumbered).
  8987 | Lair:1   | 8987 ||| Stepping ~*~*~tactically~*~*~ (outnumbered).
  8988 | Lair:1   | 8988 ||| Stepping ~*~*~tactically~*~*~ (outnumbered).
  8989 | Lair:1   | 8989 ||| Stepping ~*~*~tactically~*~*~ (outnumbered).
  8990 | Lair:1   | 8990 ||| Stepping ~*~*~tactically~*~*~ (outnumbered).
  8991 | Lair:1   | 8991 ||| Stepping ~*~*~tactically~*~*~ (outnumbered).
  9415 | Lair:1   | 9415 ||| Stepping ~*~*~tactically~*~*~ (outnumbered).
  9416 | Lair:1   | 9416 ||| Stepping ~*~*~tactically~*~*~ (outnumbered).
  9417 | Lair:1   | 9417 ||| Stepping ~*~*~tactically~*~*~ (outnumbered).
  9418 | Lair:1   | 9418 ||| Stepping ~*~*~tactically~*~*~ (outnumbered).
  9419 | Lair:1   | 9419 ||| Stepping ~*~*~tactically~*~*~ (outnumbered).
  9420 | Lair:1   | 9420 ||| Stepping ~*~*~tactically~*~*~ (outnumbered).
  9425 | Lair:1   | Reached skill level 16 in Unarmed Combat
  9425 | Lair:1   | 9425 ||| Stepping ~*~*~tactically~*~*~ (outnumbered).
  9426 | Lair:1   | 9426 ||| Stepping ~*~*~tactically~*~*~ (outnumbered).
  9427 | Lair:1   | 9427 ||| Stepping ~*~*~tactically~*~*~ (outnumbered).
  9428 | Lair:1   | 9428 ||| Stepping ~*~*~tactically~*~*~ (outnumbered).
  9429 | Lair:1   | 9429 ||| Stepping ~*~*~tactically~*~*~ (outnumbered).
  9430 | Lair:1   | 9430 ||| Stepping ~*~*~tactically~*~*~ (outnumbered).
  9431 | Lair:1   | 9431 ||| Stepping ~*~*~tactically~*~*~ (outnumbered).
  9432 | Lair:1   | 9432 ||| Stepping ~*~*~tactically~*~*~ (outnumbered).
  9433 | Lair:1   | 9433 ||| Stepping ~*~*~tactically~*~*~ (outnumbered).
  9434 | Lair:1   | 9434 ||| Stepping ~*~*~tactically~*~*~ (outnumbered).
  9434 | Lair:1   | 9434 ||| RIP GAUNTLET
  9435 | Lair:1   | 9435 ||| PLANNING LAIR
  9435 | Lair:1   | 9435 ||| Stepping ~*~*~tactically~*~*~ (outnumbered).
  9436 | Lair:1   | 9436 ||| Stepping ~*~*~tactically~*~*~ (outnumbered).
  9437 | Lair:1   | 9437 ||| Stepping ~*~*~tactically~*~*~ (outnumbered).
  9438 | Lair:1   | 9438 ||| Stepping ~*~*~tactically~*~*~ (outnumbered).
  9727 | Lair:2   | Noticed Amaemon
  9728 | Lair:2   | 9728 ||| INVOKING Fiery Armour.
  9729 | Lair:2   | 9729 ||| STAIRDANCE
  9764 | Lair:2   | 9764 ||| STAIRDANCE
  9783 | Lair:2   | Killed Amaemon
  9785 | Lair:2   | 9785 ||| Stepping ~*~*~tactically~*~*~ (outnumbered).
  9786 | Lair:2   | 9786 ||| Stepping ~*~*~tactically~*~*~ (outnumbered).
  9787 | Lair:2   | 9787 ||| Stepping ~*~*~tactically~*~*~ (outnumbered).
  9788 | Lair:2   | 9788 ||| Stepping ~*~*~tactically~*~*~ (outnumbered).
  9790 | Lair:2   | 9790 ||| Stepping ~*~*~tactically~*~*~ (outnumbered).
  9791 | Lair:2   | 9791 ||| Stepping ~*~*~tactically~*~*~ (outnumbered).
  9794 | Lair:2   | 9794 ||| Stepping ~*~*~tactically~*~*~ (outnumbered).
  9797 | Lair:2   | 9797 ||| Stepping ~*~*~tactically~*~*~ (outnumbered).
  9798 | Lair:2   | 9798 ||| Stepping ~*~*~tactically~*~*~ (outnumbered).
  9799 | Lair:2   | 9799 ||| Stepping ~*~*~tactically~*~*~ (outnumbered).
  9800 | Lair:2   | 9800 ||| Stepping ~*~*~tactically~*~*~ (outnumbered).
  9801 | Lair:2   | 9801 ||| Stepping ~*~*~tactically~*~*~ (outnumbered).
  9801 | Lair:2   | HP: 21/109 [elephant (11)]
  9802 | Lair:2   | 9802 ||| READING 2 scrolls of teleportation.
  9803 | Lair:2   | 9803 ||| DRINKING potion of heal wounds.
  9908 | Lair:2   | 9908 ||| FLEEEEING.
  9909 | Lair:2   | 9909 ||| FLEEEEING.
  9911 | Lair:2   | 9911 ||| FLEEEEING.
  9912 | Lair:2   | 9912 ||| FLEEEEING.
  9943 | Lair:2   | 9943 ||| Stepping ~*~*~tactically~*~*~ (hiding).
 10065 | Lair:2   | Found a hole to the Spider Nest.
 10075 | Lair:2   | 10075 ||| INVOKING Fiery Armour.
 10081 | Lair:2   | 10081 ||| PLANNING CONVERSION TO OKAWARU
 10092 | Lair:2   | HP: 27/109 [killer bee (3)]
 10093 | Lair:2   | 10093 ||| READING scroll of teleportation.
 10097 | Lair:2   | HP: 19/109 [poisoned by a killer bee]
 10102 | Lair:2   | Reached XP level 12. HP: 19/118 MP: 12/12
 10204 | Lair:2   | 10204 ||| Stepping ~*~*~tactically~*~*~ (stealth).
 10216 | Lair:2   | 10216 ||| Stepping ~*~*~tactically~*~*~ (stealth).
 10229 | Lair:2   | Reached skill level 17 in Unarmed Combat
 10356 | D:10     | Fell from the grace of Ignis
 10356 | D:10     | Became a worshipper of Warmaster Okawaru
 10357 | D:10     | 10357 ||| PLANNING LAIR
 10455 | Lair:2   | Noticed Maggie
 10465 | Lair:2   | Killed Maggie
 10523 | Lair:2   | 10523 ||| Stepping ~*~*~tactically~*~*~ (stealth).
 10532 | Lair:2   | 10532 ||| Stepping ~*~*~tactically~*~*~ (outnumbered).
 10545 | Lair:2   | HP: 27/118 [yak (6)]
 10546 | Lair:2   | 10546 ||| READING scroll of teleportation.
 10550 | Lair:2   | 10550 ||| FLEEEEING.
 10551 | Lair:2   | 10551 ||| FLEEEEING.
 10607 | Lair:2   | 10607 ||| FLEEEEING.
 10611 | Lair:2   | 10611 ||| STAIRDANCE
 10630 | Lair:1   | 10630 ||| UPGRADING to +0 swamp dragon scales.
 10640 | Lair:1   | 10640 ||| DROPPING +0 acid dragon scales.
 10641 | Lair:1   | 10641 ||| DROPPING +6 ring of intelligence.
 10642 | Lair:1   | 10642 ||| UPGRADING to ring of resist corrosion.
 10662 | Lair:2   | 10662 ||| Stepping ~*~*~tactically~*~*~ (stealth).
 10663 | Lair:2   | 10663 ||| Stepping ~*~*~tactically~*~*~ (stealth).
 10681 | Lair:2   | Reached * piety under Okawaru
 10682 | Lair:2   | Reached skill level 3 in Armour
 10763 | Lair:2   | 10763 ||| Stepping ~*~*~tactically~*~*~ (stealth).
 10765 | Lair:2   | 10765 ||| INVOKING Heroism.
 10855 | Lair:2   | 10855 ||| INVOKING Heroism.
 10912 | Lair:2   | 10912 ||| INVOKING Heroism.
 11039 | Lair:2   | You fall into a shaft and drop 1 floor!
 11082 | Lair:3   | 11082 ||| INVOKING Heroism.
 11088 | Lair:3   | Reached skill level 1 in Invocations
 11088 | Lair:3   | Noticed a four-headed hydra
 11095 | Lair:3   | 11095 ||| INVOKING Heroism.
 11098 | Lair:3   | 11098 ||| Stepping ~*~*~tactically~*~*~ (outnumbered).
 11099 | Lair:3   | 11099 ||| Stepping ~*~*~tactically~*~*~ (outnumbered).
 11100 | Lair:3   | 11100 ||| Stepping ~*~*~tactically~*~*~ (outnumbered).
 11101 | Lair:3   | 11101 ||| Stepping ~*~*~tactically~*~*~ (outnumbered).
 11105 | Lair:3   | Killed a seven-headed hydra
 11224 | Lair:3   | Noticed a catoblepas
 11224 | Lair:3   | Noticed a catoblepas
 11225 | Lair:3   | 11225 ||| STAIRDANCE
 11236 | Lair:3   | 11236 ||| STAIRDANCE
 11238 | Lair:2   | 11238 ||| INVOKING Heroism.
 11240 | Lair:2   | 11240 ||| Stepping ~*~*~tactically~*~*~ (cloud).
 11248 | Lair:2   | HP: 21/118 [catoblepas (27)]
 11249 | Lair:2   | Killed a catoblepas
 11289 | Lair:2   | 11289 ||| INVOKING Heroism.
 11343 | Lair:3   | 11343 ||| STAIRDANCE
 11345 | Lair:2   | 11345 ||| INVOKING Heroism.
 11349 | Lair:2   | Reached skill level 3 in Invocations
 11404 | Lair:3   | 11404 ||| INVOKING Heroism.
 11405 | Lair:3   | 11405 ||| Stepping ~*~*~tactically~*~*~ (cloud).
 11406 | Lair:3   | Killed a catoblepas
 11406 | Lair:3   | Reached ** piety under Okawaru
 11407 | Lair:3   | Reached skill level 18 in Unarmed Combat
 11412 | Lair:3   | Noticed a death yak
 11413 | Lair:3   | Noticed a death yak
 11421 | Lair:3   | 11421 ||| Stepping ~*~*~tactically~*~*~ (outnumbered).
 11424 | Lair:3   | 11424 ||| Stepping ~*~*~tactically~*~*~ (outnumbered).
 11425 | Lair:3   | Killed a death yak
 11427 | Lair:3   | Noticed a death yak
 11427 | Lair:3   | HP: 28/118 [yak (3)]
 11428 | Lair:3   | Killed a death yak
 11429 | Lair:3   | 11429 ||| INVOKING Heroism.
 11438 | Lair:3   | HP: 24/118 [death yak (12)]
 11440 | Lair:3   | Killed a death yak
 11443 | Lair:3   | HP: 14/119 [yak (8)]
 11444 | Lair:3   | HP: 4/119 [yak (11)]
 11596 | Lair:3   | 11596 ||| Stepping ~*~*~tactically~*~*~ (stealth).
 11672 | Lair:3   | 11672 ||| INVOKING Heroism.
 11761 | Lair:3   | Identified the +11 sling of a Million Souls {flame, Will+}
 11828 | Lair:3   | 11828 ||| INVOKING Heroism.
 11833 | Lair:3   | 11833 ||| Stepping ~*~*~tactically~*~*~ (stealth).
 11843 | Lair:3   | Reached *** piety under Okawaru
 11924 | Lair:3   | Found a staircase to the Shoals.
 11925 | Lair:3   | 11925 ||| Stepping ~*~*~tactically~*~*~ (hiding).
 11931 | Lair:3   | 11931 ||| INVOKING Heroism.
 11936 | Lair:3   | Reached XP level 13. HP: 98/127 MP: 12/15
 12266 | Lair:3   | 12266 ||| UPGRADING to +4 ring of evasion.
 12268 | Lair:3   | 12268 ||| READING scroll labelled BUJINL NIBUEQEUC.
 12369 | Lair:3   | 12369 ||| DRINKING 2 ruby potions.
 12392 | Lair:4   | 12392 ||| Stepping ~*~*~tactically~*~*~ (stealth).
 12393 | Lair:4   | 12393 ||| Stepping ~*~*~tactically~*~*~ (stealth).
 12500 | Lair:4   | 12500 ||| INVOKING Heroism.
 12502 | Lair:4   | 12502 ||| Stepping ~*~*~tactically~*~*~ (stealth).
 12502 | Lair:4   | Found a staircase to the Slime Pits.
 12509 | Lair:4   | 12509 ||| Stepping ~*~*~tactically~*~*~ (stealth).
 12515 | Lair:4   | 12515 ||| Stepping ~*~*~tactically~*~*~ (outnumbered).
 12517 | Lair:4   | 12517 ||| Stepping ~*~*~tactically~*~*~ (stealth).
 12528 | Lair:4   | Reached **** piety under Okawaru
 12533 | Lair:4   | 12533 ||| Stepping ~*~*~tactically~*~*~ (outnumbered).
 12534 | Lair:4   | 12534 ||| Stepping ~*~*~tactically~*~*~ (outnumbered).
 12535 | Lair:4   | 12535 ||| Stepping ~*~*~tactically~*~*~ (outnumbered).
 12535 | Lair:4   | Found a viscous altar of Jiyva.
 12568 | Lair:4   | 12568 ||| Stepping ~*~*~tactically~*~*~ (stealth).
 12572 | Lair:4   | 12572 ||| INVOKING Heroism.
 12615 | Lair:4   | Reached skill level 19 in Unarmed Combat
 12698 | Lair:4   | 12698 ||| Stepping ~*~*~tactically~*~*~ (stealth).
 12816 | Lair:4   | 12816 ||| Stepping ~*~*~tactically~*~*~ (stealth).
 12817 | Lair:4   | 12817 ||| INVOKING Heroism.
 12886 | Lair:4   | 12886 ||| INVOKING Heroism.
 13144 | Lair:4   | 13144 ||| Stepping ~*~*~tactically~*~*~ (stealth).
 13155 | Lair:4   | 13155 ||| READING scroll labelled OTHRAU FIPRER.
 13156 | Lair:4   | 13156 ||| READING scroll labelled SOVIFU YZOROC.
 13156 | Lair:4   | Identified a scroll of acquirement
 13156 | Lair:4   | 13156 ||| ACQUIRING +1 robe "Sogg" {*Slow rF+ MP+9}
 13156 | Lair:4   | Acquired the +1 robe "Sogg" {*Slow rF+ MP+9}
 13158 | Lair:4   | 13158 ||| Stepping ~*~*~tactically~*~*~ (stealth).
 13159 | Lair:4   | 13159 ||| READING 10 scrolls of identify.
 13159 | Lair:4   | 13159 ||| IDENTIFYING fizzy white potion
 13160 | Lair:4   | 13160 ||| DROPPING potion of flight.
 13163 | Lair:4   | 13163 ||| Stepping ~*~*~tactically~*~*~ (stealth).
 13164 | Lair:4   | 13164 ||| Stepping ~*~*~tactically~*~*~ (stealth).
 13166 | Lair:4   | 13166 ||| INVOKING Heroism.
 13187 | Lair:5   | Entered Level 5 of the Lair of Beasts
 13201 | Lair:5   | 13201 ||| INVOKING Heroism.
 13248 | Lair:5   | 13248 ||| Stepping ~*~*~tactically~*~*~ (hiding).
 13253 | Lair:5   | 13253 ||| INVOKING Heroism.
 13263 | Lair:5   | Received a gift from Okawaru
 13264 | Lair:5   | 13264 ||| Stepping ~*~*~tactically~*~*~ (hiding).
 13267 | Lair:5   | 13267 ||| Stepping ~*~*~tactically~*~*~ (hiding).
 13279 | Lair:5   | 13279 ||| INVOKING Heroism.
 13282 | Lair:5   | Reached ***** piety under Okawaru
 13283 | Lair:5   | Reached skill level 6 in Invocations
 13283 | Lair:5   | 13283 ||| INVOKING Finesse.
 13284 | Lair:5   | 13284 ||| INVOKING Finesse.
 13284 | Lair:5   | HP: 26/128 [wind drake/the air (12)]
 13285 | Lair:5   | 13285 ||| READING 2 scrolls of teleportation.
 13285 | Lair:5   | Found the +3 pair of mountain boots {steadfast, rC+}
 13286 | Lair:5   | 13286 ||| DRINKING potion of heal wounds.
 13455 | Lair:5   | 13455 ||| INVOKING Heroism.
 13499 | Lair:5   | 13499 ||| INVOKING Heroism.
 13535 | Lair:5   | 13535 ||| INVOKING Heroism.
 13545 | Lair:5   | 13545 ||| Stepping ~*~*~tactically~*~*~ (hiding).
 13551 | Lair:5   | 13551 ||| Stepping ~*~*~tactically~*~*~ (outnumbered).
 13554 | Lair:5   | Received a gift from Okawaru
 13555 | Lair:5   | Reached skill level 9 in Fighting
 13615 | Lair:5   | 13615 ||| Stepping ~*~*~tactically~*~*~ (stealth).
 13617 | Lair:5   | 13617 ||| INVOKING Heroism.
 13754 | Lair:5   | 13754 ||| INVOKING Heroism.
 13792 | Lair:5   | 13792 ||| INVOKING Heroism.
 13871 | Lair:5   | Identified the +2 hat of Irenloam {Str+3} (Okawaru gifted
                  | it to you on level 5 of the Lair of Beasts)
 13871 | Lair:5   | Received a gift from Okawaru
 13996 | Lair:5   | 13996 ||| INVOKING Heroism.
 14002 | Lair:5   | 14002 ||| Stepping ~*~*~tactically~*~*~ (outnumbered).
 14005 | Lair:5   | 14005 ||| Stepping ~*~*~tactically~*~*~ (outnumbered).
 14024 | Lair:5   | Was forgiven by Ignis
 14166 | Lair:5   | 14166 ||| Stepping ~*~*~tactically~*~*~ (stealth).
 14169 | Lair:5   | 14169 ||| INVOKING Heroism.
 14175 | Lair:5   | Reached XP level 14. HP: 100/140 MP: 15/18
 14663 | Lair:5   | 14663 ||| PLANNING D:1-11
 14663 | Lair:5   | 14663 ||| UPGRADING to +2 hat of Irenloam {Str+3}.
 14668 | Lair:5   | 14668 ||| DROPPING amulet of the acrobat.
 14669 | Lair:5   | 14669 ||| DROPPING ring of flight.
 14670 | Lair:5   | 14670 ||| READING scroll labelled NUFUNO TIZEGRI.
 14671 | Lair:5   | 14671 ||| DRINKING 2 cyan potions.
 14772 | Lair:5   | 14772 ||| DROPPING potion of ambrosia.
 14982 | D:11     | 14982 ||| Stepping ~*~*~tactically~*~*~ (stealth).
 14983 | D:11     | 14983 ||| INVOKING Heroism.
 15085 | D:11     | 15085 ||| INVOKING Heroism.
 15259 | D:11     | 15259 ||| INVOKING Heroism.
 15260 | D:11     | 15260 ||| INVOKING Finesse.
 15308 | D:11     | 15308 ||| READING scroll of enchant armour.
 15308 | D:11     | 15308 ||| ENCHANTING +0 swamp dragon scales.
 15650 | D:11     | 15650 ||| PLANNING D
 15650 | D:11     | 15650 ||| DROPPING +1 robe "Sogg" {*Slow rF+ MP+9}.
 15651 | D:11     | 15651 ||| DROPPING ring of wizardry.
 15704 | D:12     | 15704 ||| INVOKING Heroism.
 15751 | D:12     | 15751 ||| Stepping ~*~*~tactically~*~*~ (outnumbered).
 15751 | D:12     | Noticed Azrael
 15752 | D:12     | 15752 ||| INVOKING Heroism.
 15753 | D:12     | 15753 ||| Stepping ~*~*~tactically~*~*~ (outnumbered).
 15761 | D:12     | HP: 25/140 [Azrael/bolt of fire (28)]
 15762 | D:12     | 15762 ||| READING 2 scrolls of teleportation.
 15763 | D:12     | 15763 ||| DRINKING 3 potions of heal wounds.
 15764 | D:12     | 15764 ||| DRINKING 2 potions of heal wounds.
 15765 | D:12     | 15765 ||| DRINKING potion of heal wounds.
 15899 | D:12     | Noticed Jorgrun
 15900 | D:12     | 15900 ||| Stepping ~*~*~tactically~*~*~ (hiding).
 15904 | D:12     | 15904 ||| INVOKING Heroism.
 15906 | D:12     | Noticed Nessos
 15910 | D:12     | Killed Nessos
 16004 | D:12     | 16004 ||| Stepping ~*~*~tactically~*~*~ (hiding).
 16114 | D:12     | 16114 ||| Stepping ~*~*~tactically~*~*~ (hiding).
 16116 | D:12     | 16116 ||| Stepping ~*~*~tactically~*~*~ (hiding).
 16303 | D:12     | 16303 ||| Stepping ~*~*~tactically~*~*~ (hiding).
 16311 | D:12     | 16311 ||| Stepping ~*~*~tactically~*~*~ (hiding).
 16413 | D:12     | 16413 ||| Stepping ~*~*~tactically~*~*~ (stealth).
 16415 | D:12     | 16415 ||| Stepping ~*~*~tactically~*~*~ (hiding).
 16424 | D:12     | 16424 ||| Stepping ~*~*~tactically~*~*~ (stealth).
 16428 | D:12     | 16428 ||| INVOKING Heroism.
 16434 | D:12     | Killed Azrael
 16557 | D:12     | 16557 ||| INVOKING Heroism.
 16560 | D:12     | Noticed Urug
 16568 | D:12     | Killed Jorgrun
 16569 | D:12     | Reached skill level 9 in Invocations
 16569 | D:12     | Killed Urug
 16570 | D:12     | Reached skill level 6 in Throwing
 16575 | D:12     | 16575 ||| Stepping ~*~*~tactically~*~*~ (hiding).
 16577 | D:12     | 16577 ||| Stepping ~*~*~tactically~*~*~ (outnumbered).
 16578 | D:12     | 16578 ||| Stepping ~*~*~tactically~*~*~ (outnumbered).
 16602 | D:12     | 16602 ||| FLEEEEING.
 16605 | D:12     | 16605 ||| STAIRDANCE
 16639 | D:12     | 16639 ||| Stepping ~*~*~tactically~*~*~ (stealth).
 16701 | D:12     | 16701 ||| Stepping ~*~*~tactically~*~*~ (hiding).
 16947 | D:13     | 16947 ||| INVOKING Heroism.
 16949 | D:13     | 16949 ||| STAIRDANCE
 16956 | D:12     | Received a gift from Okawaru
 17097 | D:13     | Noticed Kirke
 17098 | D:13     | 17098 ||| Stepping ~*~*~tactically~*~*~ (stealth).
 17106 | D:13     | 17106 ||| INVOKING Heroism.
 17110 | D:13     | Killed Kirke
 17181 | D:13     | 17181 ||| INVOKING Heroism.
 17184 | D:13     | 17184 ||| Stepping ~*~*~tactically~*~*~ (outnumbered).
 17425 | D:14     | 17425 ||| INVOKING Heroism.
 17428 | D:14     | 17428 ||| STAIRDANCE
 17431 | D:13     | Received a gift from Okawaru
 17440 | D:14     | 17440 ||| STAIRDANCE
 17442 | D:13     | 17442 ||| Stepping ~*~*~tactically~*~*~ (outnumbered).
 17443 | D:13     | 17443 ||| Stepping ~*~*~tactically~*~*~ (outnumbered).
 17444 | D:13     | 17444 ||| Stepping ~*~*~tactically~*~*~ (outnumbered).
 17445 | D:13     | 17445 ||| Stepping ~*~*~tactically~*~*~ (outnumbered).
 17480 | D:14     | 17480 ||| INVOKING Heroism.
 17558 | D:14     | 17558 ||| FLEEEEING.
 17559 | D:14     | 17559 ||| FLEEEEING.
 17631 | D:14     | 17631 ||| Stepping ~*~*~tactically~*~*~ (hiding).
 17685 | D:14     | Received a gift from Okawaru
 17762 | D:14     | 17762 ||| Stepping ~*~*~tactically~*~*~ (stealth).
 17769 | D:14     | 17769 ||| INVOKING Heroism.
 17837 | D:14     | 17837 ||| INVOKING Heroism.
 17851 | D:14     | Received a gift from Okawaru
 17872 | D:14     | Identified the +5 glaive of Greatest Utility {vorpal, rElec
                  | Dex+4}
 17874 | D:14     | Found a gate to the Vaults.
 17880 | D:14     | Identified the +7 great mace of the Baleful God {drain,
                  | Dex+4}
 18236 | D:14     | 18236 ||| UPGRADING to +2 tower shield.
 18241 | D:14     | 18241 ||| READING 13 scrolls of identify.
 18241 | D:14     | 18241 ||| IDENTIFYING white potion
 18242 | D:14     | 18242 ||| DROPPING potion of attraction.
 18266 | D:15     | Entered Level 15 of the Dungeon
 18267 | D:15     | 18267 ||| INVOKING Heroism.
 18268 | D:15     | 18268 ||| INVOKING Finesse.
 18272 | D:15     | Reached skill level 1 in Shields
 18283 | D:15     | Received a gift from Okawaru
 18320 | D:15     | 18320 ||| INVOKING Heroism.
 18325 | D:15     | 18325 ||| Stepping ~*~*~tactically~*~*~ (outnumbered).
 18331 | D:15     | 18331 ||| FLEEEEING.
 18332 | D:15     | 18332 ||| FLEEEEING.
 18333 | D:15     | 18333 ||| FLEEEEING.
 18334 | D:15     | 18334 ||| FLEEEEING.
 18335 | D:15     | 18335 ||| FLEEEEING.
 18336 | D:15     | 18336 ||| STAIRDANCE
 18406 | D:15     | 18406 ||| STAIRDANCE
 18447 | D:15     | 18447 ||| STAIRDANCE
 18470 | D:15     | 18470 ||| STAIRDANCE
 18491 | D:15     | Reached XP level 15. HP: 146/146 MP: 21/21
 18496 | D:15     | 18496 ||| STAIRDANCE
 18575 | D:15     | Reached skill level 3 in Shields
 18587 | D:15     | 18587 ||| Stepping ~*~*~tactically~*~*~ (stealth).
 18594 | D:15     | 18594 ||| Stepping ~*~*~tactically~*~*~ (stealth).
 18595 | D:15     | 18595 ||| Stepping ~*~*~tactically~*~*~ (stealth).
 18597 | D:15     | 18597 ||| Stepping ~*~*~tactically~*~*~ (hiding).
 18603 | D:15     | 18603 ||| INVOKING Heroism.
 18608 | D:15     | Received a gift from Okawaru
 18629 | D:15     | 18629 ||| Stepping ~*~*~tactically~*~*~ (stealth).
 18638 | D:15     | 18638 ||| Stepping ~*~*~tactically~*~*~ (stealth).
 18641 | D:15     | 18641 ||| Stepping ~*~*~tactically~*~*~ (stealth).
 18644 | D:15     | 18644 ||| INVOKING Heroism.
 18647 | D:15     | 18647 ||| Stepping ~*~*~tactically~*~*~ (outnumbered).
 18710 | D:15     | Found a staircase to the Depths.
 18713 | D:15     | 18713 ||| INVOKING Heroism.
 18750 | D:15     | 18750 ||| Stepping ~*~*~tactically~*~*~ (stealth).
 18753 | D:15     | 18753 ||| Stepping ~*~*~tactically~*~*~ (stealth).
 18754 | D:15     | 18754 ||| Stepping ~*~*~tactically~*~*~ (stealth).
 18755 | D:15     | 18755 ||| Stepping ~*~*~tactically~*~*~ (stealth).
 18756 | D:15     | 18756 ||| Stepping ~*~*~tactically~*~*~ (stealth).
 18758 | D:15     | 18758 ||| Stepping ~*~*~tactically~*~*~ (hiding).
 18759 | D:15     | 18759 ||| Stepping ~*~*~tactically~*~*~ (hiding).
 18891 | D:15     | Noticed Rupert
 18892 | D:15     | 18892 ||| INVOKING Heroism.
 18893 | D:15     | 18893 ||| INVOKING Finesse.
 18903 | D:15     | Killed Rupert
 18903 | D:15     | Received a gift from Okawaru
 19157 | D:15     | 19157 ||| FLEEEEING.
 19158 | D:15     | 19158 ||| FLEEEEING.
 19159 | D:15     | 19159 ||| FLEEEEING.
 19160 | D:15     | 19160 ||| FLEEEEING.
 19177 | D:15     | 19177 ||| INVOKING Heroism.
 19351 | D:15     | 19351 ||| PLANNING ORC
 19489 | Orc:1    | Entered Level 1 of the Orcish Mines
 19489 | Orc:1    | Noticed an orc warlord
 19490 | Orc:1    | 19490 ||| INVOKING Heroism.
 19491 | Orc:1    | 19491 ||| INVOKING Finesse.
 19492 | Orc:1    | 19492 ||| Stepping ~*~*~tactically~*~*~ (outnumbered).
 19493 | Orc:1    | 19493 ||| Stepping ~*~*~tactically~*~*~ (outnumbered).
 19494 | Orc:1    | 19494 ||| Stepping ~*~*~tactically~*~*~ (outnumbered).
 19495 | Orc:1    | 19495 ||| Stepping ~*~*~tactically~*~*~ (outnumbered).
 19496 | Orc:1    | 19496 ||| Stepping ~*~*~tactically~*~*~ (outnumbered).
 19497 | Orc:1    | 19497 ||| Stepping ~*~*~tactically~*~*~ (outnumbered).
 19498 | Orc:1    | 19498 ||| Stepping ~*~*~tactically~*~*~ (outnumbered).
 19499 | Orc:1    | 19499 ||| Stepping ~*~*~tactically~*~*~ (outnumbered).
 19503 | Orc:1    | 19503 ||| Stepping ~*~*~tactically~*~*~ (outnumbered).
 19504 | Orc:1    | 19504 ||| Stepping ~*~*~tactically~*~*~ (outnumbered).
 19505 | Orc:1    | 19505 ||| Stepping ~*~*~tactically~*~*~ (outnumbered).
 19506 | Orc:1    | 19506 ||| Stepping ~*~*~tactically~*~*~ (outnumbered).
 19509 | Orc:1    | 19509 ||| Stepping ~*~*~tactically~*~*~ (outnumbered).
 19510 | Orc:1    | 19510 ||| Stepping ~*~*~tactically~*~*~ (outnumbered).
 19528 | Orc:1    | Killed an orc warlord
 19529 | Orc:1    | Reached skill level 6 in Shields
 19532 | Orc:1    | HP: 33/146 [orc warrior/+0 glaive[an orc warlord] (8)]
 19533 | Orc:1    | 19533 ||| READING 2 scrolls of teleportation.
 19533 | Orc:1    | Slain by an orc knight

Levels and vault maps discovered:
D:1:      reono_arrival_mine, layout_rooms,
          shapermc_ecumenical_altar_mp_highgroup, minmay_stone_trees_small
D:2:      layout_rooms, uniq_sigmund
D:3:      layout_basic, chequers_serial_rivers_small_a, uniq_ijyb, uniq_terence
D:4:      layout_basic, nicolae_ossuary_entry_ruins
D:5:      layout_cave_pods, trog_book, portal_sewer_entry_c,
          serial_bayou_ford_a, nicolae_shop_sticking_my_neck_out, uniq_edmund,
          uniq_duvessa, uniq_grinder
D:6:      layout_basic
D:7:      layout_basic, minmay_temple_entry_slanted,
          minmay_misc_feat_nine_boxes, chequers_serial_rivers_room_b, uniq_pikel
D:8:      layout_loops_ring, enter_bailey_5, kennysheep_doodads,
          minmay_misc_feat_encased, supply_closet_lemuel, uniq_psyche
D:9:      layout_rooms, chequers_temple_overflow_statue_of_worship, hex_tiny,
          hangedman_abyss_or_decor_passed
D:10:     layout_loops_ring, mainiacjoe_overflow_boulevard, dpeg_oklobed_lair,
          orc_0_dummy
D:11:     layout_cross
D:12:     kennysheep_six_static_rooms, layout_rooms, uniq_nessos, uniq_urug,
          uniq_azrael, uniq_jorgrun
D:13:     layout_cave_pools, uniq_kirke
D:14:     layout_basic, ximxim_vaults_locker_room
D:15:     gammafunk_depths_entry_grave, layout_basic, hangedman_decor_opposing,
          uniq_rupert
Lair:1:   layout_regular_city, gauntlet_entry_generic
Lair:2:   layout_misc_corridors, hellmonk_spider_entry_not_the_bees,
          uniq_amaemon, uniq_maggie
Lair:3:   nzn_motion_control, layout_regular_city, minmay_shoals_entry_beasts,
          st_stairs_12
Lair:4:   layout_misc_corridors, slime_entry_1
Lair:5:   gammafunk_lair_ancient_temple, layout_long_grid,
          minmay_lair_drake_nest, lemuel_fruit_tree
Orc:1:    gammafunk_beogh_shrine, layout_caves, abandoned_shop, uniq_harold,
          uniq_snorg

Skill      XL: |  1  2  3  4  5  6  7  8  9 10 11 12 13 14 15 |
---------------+----------------------------------------------+-----
Unarmed Combat | 4 6 7 9 10 12 14 16 18 19 | 19.8
Throwing       | 2 3 4 5 8 |  8.0
Fighting       | 3 4 5 6 7 8 9 |  9.0
Dodging        | 1 |  1.0
Armour         | 2 3 4 |  4.0
Invocations    | 4 7 10 | 10.0
Shields        | 2 6 |  6.1
Spellcasting   | |  1.0
Fire Magic     | |  2.1

Action                   |  1- 3 |  4- 6 |  7- 9 | 10-12 | 13-15 || total
-------------------------+-------+-------+-------+-------+-------++-------
Melee: Unarmed           |    53 |    98 |   279 |   458 |   525 ||  1413
       Punch             |       |     1 |     9 |    41 |    49 ||   100
       Headbutt          |       |       |    28 |    83 |    86 ||   197
Throw: Javelin           |    17 |     8 |    60 |    11 |    21 ||   117
       Boomerang         |       |     9 |    42 |    95 |   101 ||   247
       Large rock        |       |       |       |       |    41 ||    41
Invok: Fiery Armour      |       |     2 |     4 |     7 |       ||    13
       Heroism           |       |       |       |    13 |    39 ||    52
       Finesse           |       |       |       |       |     5 ||     5
  Use: Scroll            |     2 |     6 |    11 |     5 |    10 ||    34
       Potion            |     1 |     3 |     8 |     2 |     6 ||    20
Armor: Robe              |    21 |    15 |    86 |    22 |       ||   144
       Acid dragon scale |       |       |       |    85 |       ||    85
       Swamp dragon scal |       |       |       |    25 |    96 ||   121
Dodge: Dodged            |    13 |    22 |    70 |   140 |   150 ||   395
       Repelled          |       |       |     1 |     7 |     8 ||    16
Block: Other             |     5 |    16 |    47 |    71 |    55 ||   194
       Reflection        |       |     1 |     1 |     4 |     6 ||    12
       Tower shield      |       |       |       |       |    92 ||    92

Table legend:
 A = Non-vault XP
 B = Vault XP
 C = Vault XP percentage of total XP
 D = Non-vault monster count
 E = Vault monster count
 F = Vault count percentage of total count
                 A         B        C        D         E       F
            +---------+---------+-------+---------+---------+-------
      Total |   76819 |   38888 |  33.6 |     444 |     159 |  26.4
            +---------+---------+-------+---------+---------+-------
        D:1 |      29 |       0 |   0.0 |      19 |       0 |   0.0
        D:2 |      35 |     231 |  86.8 |      17 |       1 |   5.6
        D:3 |     118 |      71 |  37.6 |      23 |       2 |   8.0
        D:4 |     216 |       0 |   0.0 |      15 |       0 |   0.0
        D:5 |     850 |     641 |  43.0 |      19 |       8 |  29.6
        D:6 |    1606 |       0 |   0.0 |      42 |       0 |   0.0
        D:7 |     904 |     629 |  41.0 |      12 |       1 |   7.7
        D:8 |    1202 |     391 |  24.5 |      28 |       5 |  15.2
        D:9 |    2530 |       0 |   0.0 |      14 |       0 |   0.0
       D:10 |    1487 |       0 |   0.0 |      24 |       0 |   0.0
       D:11 |    4436 |       0 |   0.0 |      29 |       0 |   0.0
       D:12 |    5782 |    8179 |  58.6 |      20 |      18 |  47.4
       D:13 |    4923 |    1988 |  28.8 |      15 |       4 |  21.1
       D:14 |    5326 |    3028 |  36.2 |      11 |      12 |  52.2
       D:15 |    7407 |    6476 |  46.6 |      21 |       9 |  30.0
     Lair:1 |    5113 |       0 |   0.0 |      23 |       0 |   0.0
     Lair:2 |    6066 |    3394 |  35.9 |      23 |       9 |  28.1
     Lair:3 |    8482 |    2043 |  19.4 |      27 |       4 |  12.9
     Lair:4 |    8007 |       0 |   0.0 |      21 |       0 |   0.0
     Lair:5 |    7519 |   11423 |  60.3 |      21 |      29 |  58.0
      Orc:1 |    2465 |       0 |   0.0 |      13 |       0 |   0.0
    Abyss:2 |    2316 |       0 |   0.0 |       7 |       0 |   0.0
      Sewer |       0 |     142 | 100.0 |       0 |      24 | 100.0
    Ossuary |       0 |     252 | 100.0 |       0 |      33 | 100.0
            +---------+---------+-------+---------+---------+-------
